 Dungeon Crawl Stone Soup version 0.28.0-43-g3370ac3207 (webtiles) character file.

Game seed: 11072506562312583709

234 Ablot the Grasshopper (level 6, -1/50 HPs)
             Began as a Gnoll Warper on Mar 11, 2022.
             Was a Follower of Fedhas.
             Slain by a gnoll
             ... wielding a +0 flail
              (2 damage)
             ... on level 4 of the Dungeon.
             The game lasted 00:04:31 (4896 turns).

Ablot the Grasshopper (Gnoll Warper)                Turns: 4896, Time: 00:04:32

Health: -1/50      AC: 10    Str: 13    XL:     6   Next: 5%
Magic:  13/13      EV: 13    Int:  7    God:    Fedhas [*.....]
Gold:   144        SH:  0    Dex: 11    Spells: 13/15 levels left

rFire   . . .      SeeInvis +   n - +10 mace of Durable Subterfuge {freeze, Drain rElec rC+++ Int-5}
rCold   + + +      Faith    .   (no shield)
rNeg    . . .      Spirit   .   b - +0 leather armour
rPois   .          Reflect  .   q - +1 helmet
rElec   +          Harm     .   p - +2 cloak
rCorr   .          Rampage  .   i - +1 pair of gloves
Will    .....                   (no boots)
Stlth   +.........              (no amulet)
HPRegen 0.16/turn               t - ring of see invisible
MPRegen 0.13/turn               (no ring)

@: no status effects
A: fangs 1, strong nose, distributed training
a: Renounce Religion


You were on level 4 of the Dungeon.
You worshipped Fedhas.
Fedhas was aware of your devotion.
You visited 1 branch of the dungeon, and saw 4 of its levels.

You collected 144 gold pieces.

Inventory:

Hand Weapons
 a - a +0 trident
 n - the +10 mace of Durable Subterfuge (weapon) {freeze, Drain rElec rC+++ Int-5}
   (You found it on level 3 of the Dungeon)

   It freezes those it strikes, dealing additional cold damage.
   It can also slow down cold-blooded creatures.
   Int:       It affects your intelligence (-5).
   rC:        It renders you almost immune to cold.
   rElec:     It insulates you from electricity.
   Drain:     It drains your maximum health when unequipped.
 o - a +4 quarterstaff of chaos
Missiles
 d - 5 boomerangs of dispersal (quivered)
 e - 40 arrows
 f - 59 stones
Armour
 b - a +0 leather armour (worn)
 i - a +1 pair of gloves (worn)
 p - a +2 cloak (worn)
 q - a +1 helmet (worn)
Jewellery
 m - a ring of ice
 t - a ring of see invisible (left hand)
Wands
 j - a wand of digging (3)
Scrolls
 c - a scroll of blinking
 g - a scroll of amnesia {unknown}
 h - a scroll of identify {unknown}
 k - 2 scrolls of teleportation {unknown}
 l - a scroll of magic mapping {unknown}
 u - a scroll of acquirement {unknown}
Potions
 r - a potion of attraction {unknown}
 s - 2 potions of might {unknown}


   Skills:
 + Level 4.9 Fighting
 + Level 1.7 Short Blades
 + Level 1.7 Long Blades
 + Level 1.7 Axes
 + Level 1.7 Maces & Flails
 + Level 4.9 Polearms
 + Level 1.7 Staves
 + Level 1.7 Slings
 + Level 1.7 Bows
 + Level 1.7 Crossbows
 + Level 3.1 Throwing
 + Level 3.1 Armour
 + Level 4.9 Dodging
 + Level 1.7 Stealth
 + Level 1.7 Shields
 + Level 1.7 Unarmed Combat
 + Level 5.3 Spellcasting
 + Level 1.3 Conjurations
 + Level 1.3 Hexes
 + Level 1.3 Summonings
 + Level 1.3 Necromancy
 + Level 5.6 Translocations
 + Level 1.3 Transmutations
 + Level 1.3 Fire Magic
 + Level 1.3 Ice Magic
 + Level 1.3 Air Magic
 + Level 1.3 Earth Magic
 + Level 1.3 Poison Magic
 + Level 2.0 Invocations
 + Level 1.7 Evocations


You had 13 spell levels left.
You knew the following spells:

 Your Spells              Type           Power      Damage    Failure   Level
a - Blink                 Tloc           18%        N/A       5%          2

Your spell library contained the following spells:

 Spells                   Type           Power      Damage    Failure   Level
 Gell's Gravitas          Tloc           9%         N/A       11%         3
 Lesser Beckoning         Tloc           9%         N/A       11%         3
 Teleport Other           Tloc           9%         N/A       11%         3
 Dazzling Flash           Conj/Hex       6%         N/A       52%         3
 Manifold Assault         Tloc           9%         N/A       67%         5
 Agony                    Necr           3%         N/A       99%         5
 Silence                  Hex/Air        1%         N/A       99%         5


Dungeon Overview and Level Annotations

Branches:
Dungeon (4/15)
 Temple: D:4-7

Altars:
Fedhas

Annotations:
D:4 Ijyb


Innate Abilities, Weirdness & Mutations

You have very sharp teeth.
Your uncanny sense of smell can sniff out nearby items.
Your experience applies equally to all skills.


Message History

Ijyb barely misses you. The gnoll barely misses you. The gnoll misses you.
Ijyb hits you but does no damage. The gnoll misses you.
You hit Ijyb but do no damage. The gnoll hits you with a +0 flail.
The gnoll hits you with a +0 flail! Ijyb barely misses you.
The gnoll barely misses you.
You sock Ijyb! You freeze Ijyb.
Ijyb is heavily wounded.
The gnoll hits you with a +0 flail. Ijyb closely misses you.
The gnoll hits you with a +0 whip. The gnoll hits you but does no damage.
You barely miss Ijyb.
Ijyb is heavily wounded.
The gnoll misses you.
Ijyb drinks a potion.
Ijyb is healed!
The gnoll hits you but does no damage. The gnoll closely misses you.
Ijyb hits you but does no damage. The gnoll hits you with a +0 whip.
You barely miss Ijyb. Your bite misses Ijyb.
Ijyb is lightly wounded.
The gnoll misses you. The gnoll closely misses you.
A giant cockroach comes into view.
Ijyb hits you with a +0 club. The gnoll hits you with a +0 whip!
* * * LOW HITPOINT WARNING * * *
You sock Ijyb! You freeze Ijyb.
Ijyb is severely wounded.
The gnoll barely misses you. Ijyb hits you but does no damage.
The gnoll hits you with a +0 whip.
* * * LOW HITPOINT WARNING * * *
The gnoll hits you with a +0 flail.
* * * LOW HITPOINT WARNING * * *
The gnoll completely misses you.
A goblin comes into view. It is wielding a +0 club.
The goblin shouts!
An endoplasm comes into view.
The gnoll hits you with a +0 flail.
* * * LOW HITPOINT WARNING * * *
A goblin comes into view. It is wielding a +0 dagger.
The goblin moves out of view.
The gnoll barely misses you.
You hear a zap.
Some rock shatters into small pieces.
The gnoll hits you with a +0 flail.
You die...
Fedhas appreciates your contribution to the ecosystem.

## ### #.#
#######.###.###
.......<.......
#######.#.#####
#........ #####+####
#@#
....>....######.g#
..............gB.#
..........)...gg##.#
.........)).........
..........######.g...
............?..
.....J
###.#########..
...... ....# ......


You could see Ijyb, 2 gnolls, a giant cockroach and a goblin.

Vanquished Creatures
  Crazy Yiuf (D:3)
  A gnoll shaman (D:4)
  An orc wizard (D:4)
  6 gnolls
  3 adders (D:2)
  3 worms
  A dart slug (D:3)
  3 orcs (D:2)
  An endoplasm (D:4)
  A giant cockroach (D:1)
  5 goblins
  5 hobgoblins
  5 jackals
  3 quokkas
  6 ball pythons
  8 bats
  A kobold (D:1)
  6 rats
60 creatures vanquished.

Notes
Turn   | Place    | Note
-------+----------+-------------------------------------------
     0 | D:1      | Ablot the Gnoll Warper began the quest for the Orb.
     0 | D:1      | Reached XP level 1. HP: 20/20 MP: 6/6
   327 | D:1      | Reached XP level 2. HP: 18/26 MP: 7/7
   330 | D:1      | Learned a level 2 spell: Blink
   457 | D:1      | Found a faded altar of an unknown god.
  1548 | D:2      | Reached skill level 5 in Spellcasting
  1548 | D:2      | Reached XP level 3. HP: 15/31 MP: 7/9
  1927 | D:2      | Reached skill level 1 in Invocations
  2143 | D:2      | Found a blossoming altar of Fedhas.
  2151 | D:2      | Became a worshipper of Fedhas Madash
  2162 | D:2      | Reached skill level 1 in Short Blades
  2162 | D:2      | Reached skill level 1 in Long Blades
  2162 | D:2      | Reached skill level 1 in Axes
  2162 | D:2      | Reached skill level 1 in Maces & Flails
  2162 | D:2      | Reached skill level 1 in Staves
  2162 | D:2      | Reached skill level 1 in Slings
  2162 | D:2      | Reached skill level 1 in Bows
  2162 | D:2      | Reached skill level 1 in Crossbows
  2162 | D:2      | Reached skill level 1 in Stealth
  2162 | D:2      | Reached skill level 1 in Shields
  2162 | D:2      | Reached skill level 1 in Unarmed Combat
  2162 | D:2      | Reached skill level 1 in Evocations
  2312 | D:2      | Reached XP level 4. HP: 9/38 MP: 11/11
  2966 | D:2      | Reached skill level 1 in Conjurations
  2966 | D:2      | Reached skill level 1 in Hexes
  2966 | D:2      | Reached skill level 1 in Summonings
  2966 | D:2      | Reached skill level 1 in Necromancy
  2966 | D:2      | Reached skill level 1 in Transmutations
  2966 | D:2      | Reached skill level 1 in Fire Magic
  2966 | D:2      | Reached skill level 1 in Ice Magic
  2966 | D:2      | Reached skill level 1 in Air Magic
  2966 | D:2      | Reached skill level 1 in Earth Magic
  2966 | D:2      | Reached skill level 1 in Poison Magic
  3821 | D:3      | Found a runed translucent door.
  3822 | D:3      | Noticed Crazy Yiuf
  3832 | D:3      | Identified the +10 mace of Durable Subterfuge {freeze,
                  | Drain rElec rC+++ Int-5}
  3835 | D:3      | Killed Crazy Yiuf
  3836 | D:3      | Reached XP level 5. HP: 7/43 MP: 4/12
  4875 | D:4      | Noticed Ijyb
  4881 | D:4      | Reached * piety under Fedhas
  4882 | D:4      | Reached XP level 6. HP: 47/50 MP: 13/13
  4893 | D:4      | HP: 1/50 [gnoll/+0 flail (4)]
  4896 | D:4      | Slain by a gnoll

Illustrated notes

Levels and vault maps discovered:
D:1:      dpeg_arrival_simpleton_c, layout_basic, basic_ecumenical_altar
D:2:      layout_basic, basic_altar, kennysheep_generic_room_7
D:3:      layout_loops_ring, uniq_crazy_yiuf_cottage
D:4:      layout_basic, serial_curves, eino_curves_03, eino_curves_01, uniq_ijyb

Skill      XL: |  1  2  3  4  5 |
---------------+----------------+-----
Spellcasting   | 5 |  5.3
Invocations    | 1 2 |  2.0
Short Blades   | 1 |  1.7
Long Blades    | 1 |  1.7
Axes           | 1 |  1.7
Maces & Flails | 1 |  1.7
Staves         | 1 |  1.7
Slings         | 1 |  1.7
Bows           | 1 |  1.7
Crossbows      | 1 |  1.7
Stealth        | 1 |  1.7
Shields        | 1 |  1.7
Unarmed Combat | 1 |  1.7
Evocations     | 1 |  1.7
Conjurations   | 1 |  1.3
Hexes          | 1 |  1.3
Summonings     | 1 |  1.3
Necromancy     | 1 |  1.3
Transmutations | 1 |  1.3
Fire Magic     | 1 |  1.3
Ice Magic      | 1 |  1.3
Air Magic      | 1 |  1.3
Earth Magic    | 1 |  1.3
Poison Magic   | 1 |  1.3
Throwing       | 3 |  3.1
Armour         | 3 |  3.1
Fighting       | |  4.9
Polearms       | |  4.9
Dodging        | |  4.9
Translocations | |  5.6

Action                   |  1- 3 |  4- 6 || total
-------------------------+-------+-------++-------
Melee: Spear             |   203 |    63 ||   266
       Bite              |    11 |    11 ||    22
       Punch             |     1 |     3 ||     4
       Trident           |       |    16 ||    16
       Mace              |       |    32 ||    32
 Cast: Blink             |       |     1 ||     1
Armor: Leather armour    |    58 |    19 ||    77
Dodge: Dodged            |   120 |    66 ||   186
